 Dungeon Crawl Stone Soup version 0.24-a0-507-g3e8b2426 (webtiles) character file.

Game seed: 9126876578905270019

4 sighowe the Stinger (level 1, -2/14 HPs)
             Began as a Draconian Venom Mage on July 18, 2019.
             Killed from afar by a dart slug (4 damage)
             ... with a slug dart
             ... on level 1 of the Dungeon.
             The game lasted 00:00:52 (115 turns).

sighowe the Stinger (Draconian Venom Mage)           Turns: 115, Time: 00:00:53

Health: -2/14      AC:  4    Str: 10    XL:     1   Next: 58%
Magic:  0/3        EV:  9    Int: 15    God:
Gold:   23         SH:  6    Dex: 11    Spells: 3/4 levels left

rFire    . . .     SeeInvis .   (no weapon)
rCold    . . .     Gourm    .   a - +0 shield
rNeg     . . .     Faith    .   (armour unavailable)
rPois    .         Spirit   .   (helmet restricted)
rElec    .         Reflect  .   (no cloak)
rCorr    .         Harm     .   (no gloves)
MR       .....                  (no boots)
Stlth    ++........             (no amulet)
HPRegen  0.04/turn              (no ring)
MPRegen  0.08/turn              (no ring)

@: very slightly contaminated
A: unfitting armour, cold-blooded, AC +4
a: no special abilities


You were on level 1 of the Dungeon.
You were not hungry.

You visited 1 branch of the dungeon, and saw 1 of its levels.

You collected 23 gold pieces.

Inventory:

Armour
 a - a +0 shield (worn)
Scrolls
 c - a scroll of immolation {unknown}
Comestibles
 b - a ration


   Skills:
 + Level 1.7 Dodging
 + Level 1.9 Stealth
 + Level 2.0 Spellcasting
 + Level 1.0 Conjurations
 + Level 3.2 Poison Magic


You had 3 spell levels left.
You knew the following spells:

 Your Spells              Type           Power        Failure   Level  Hunger
a - Sting                 Conj/Pois      #...         54%         1    #......

Your spell library contained the following spells:

 Spells                   Type           Power        Failure   Level  Hunger
 Poisonous Vapours        Pois/Air       #.....       77%         2    ###....
 Mephitic Cloud           Conj/Pois/Air  #.......     95%         3    ###....
 Olgreb's Toxic Radiance  Pois           ##......     99%         4    #####..
 Venom Bolt               Conj/Pois      #.........   100%        5    ######.


Dungeon Overview and Level Annotations

Branches:
Dungeon (1/15)

Altars:


Innate Abilities, Weirdness & Mutations

Your plain brown scales are hard. (AC +4)
You cannot fit into any form of body armour.
You are cold-blooded and may be slowed by cold attacks.


Message History

The dart slug launches a dart at you. The slug dart hits you.
The dart slug launches a dart at you. You block the slug dart.
Casting: Sting (safe; 54% risk of failure)
Confirm with . or Enter, or press ? or * to list all spells.
Aiming: Sting (safe; 54% risk of failure)
Press: ? - help, Shift-Dir - straight line, f/p - dart slug
Aim: a dart slug (heavily wounded)
The sting hits the dart slug.
The dart slug is severely wounded.
The dart slug launches a dart at you. The slug dart hits you.
* * * LOW HITPOINT WARNING * * *
The dart slug barely misses you.
You hit the dart slug.
The dart slug is almost dead.
The dart slug launches a dart at you. The slug dart hits you.
You die...

.....#.............#
.....#.............#
.....#.............#
.....#.............#
.....#.............#
.....#.............#
.....#.............#
.....#.............#
.....'.........w@..#
######†............#
# #.............# #
#.............# #
########'########
####...####.#
...'...+..#.#
####...#....#
.......†....#


You could see a dart slug.

Vanquished Creatures
  2 goblins (D:1)
  A kobold (D:1)
  A frilled lizard (D:1)
4 creatures vanquished.

Notes
Turn   | Place    | Note
-------+----------+-------------------------------------------
     0 | D:1      | sighowe the Draconian Venom Mage began the quest for the
                  | Orb.
     0 | D:1      | Reached XP level 1. HP: 14/14 MP: 3/3
   115 | D:1      | Killed from afar by a dart slug

Levels and vault maps discovered:
D:1:      erik_arrival_orb_chamber, layout_basic, grunt_decor_clamped

Action                   || total
-------------------------++-------
Melee: Unarmed           ||     6
       Tailslap          ||     2
 Cast: Sting             ||     5
Armor: Skin              ||     2
Dodge: Dodged            ||     3
Block: Shield            ||     1

Table legend:
 A = Non-vault XP
 B = Vault XP
 C = Vault XP percentage of total XP
 D = Non-vault monster count
 E = Vault monster count
 F = Vault count percentage of total count
                 A         B        C        D         E       F
            +---------+---------+-------+---------+---------+-------
      Total |       7 |       0 |   0.0 |       4 |       0 |   0.0
            +---------+---------+-------+---------+---------+-------
        D:1 |       7 |       0 |   0.0 |       4 |       0 |   0.0
            +---------+---------+-------+---------+---------+-------
